 Dungeon Crawl Stone Soup version 0.29.1-2-gbd0b4ee654 (webtiles) character file.

Game seed: 16817563683183699152

3 zdrol the Conjurer (level 1, -1/14 HPs)
             Began as a Draconian Conjurer on Nov 26, 2022.
             Frozen to death by an endoplasm (4 damage)
             ... on level 1 of the Dungeon.
             The game lasted 00:01:56 (106 turns).

zdrol the Conjurer (Draconian Conjurer)              Turns: 106, Time: 00:01:58

Health: -1/14      AC:  4    Str:  9    XL:     1   Next: 41%
Magic:  3/3        EV: 12    Int: 18    God:
Gold:   14         SH:  0    Dex:  9    Spells: 3/4 levels left

rFire   . . .      SeeInvis .   (no weapon)
rCold   . . .      Faith    .   (no shield)
rNeg    . . .      Spirit   .   (body armour unavailable)
rPois   .          Reflect  .   (helmet restricted)
rElec   .          Harm     .   (no cloak)
rCorr   .          Rampage  .   (no gloves)
Will    .....                   (no boots)
Stlth   ++........              (no amulet)
HPRegen 0.04/turn               (no ring)
MPRegen 0.08/turn               (no ring)

@: no status effects
A: AC +4, unfitting armour, cold-blooded
a: no special abilities


You were on level 1 of the Dungeon.
You visited 1 branch of the dungeon, and saw 1 of its levels.

You collected 14 gold pieces.

Inventory:

Hand Weapons
 b - a +0 great sword
Potions
 a - a potion of magic


   Skills:
 + Level 1.7 Dodging
 + Level 1.7 Stealth
 + Level 2.0 Spellcasting
 + Level 4.1 Conjurations


You had 3 spell levels left.
You knew the following spells:

 Your Spells              Type           Power      Damage    Failure   Level
a - Magic Dart            Conj           64%        1d6       3%          1

Your spell library contained the following spells:

 Spells                   Type           Power      Damage    Failure   Level
 Searing Ray              Conj           32%        2d5       4%          2
 Dazzling Flash           Conj/Hex       18%        N/A       22%         3
 Fulminant Prism          Conj/Hex       4%         3d6       58%         4
 Iskenderun's Mystic Bla  Conj/Tloc      9%         2d4       58%         4


Dungeon Overview and Level Annotations

Branches:
Dungeon (1/15)

Altars:


Innate Abilities, Weirdness & Mutations

Your plain brown scales are hard. (AC +4)
You cannot fit into any form of body armour.
You are cold-blooded and may be slowed by cold attacks.


Message History

Something misses your butterfly. The endoplasm hits your butterfly.
Your butterfly dies!
Your butterfly disappears in a burst of colours! 2 kobolds come into view.
The kobold shouts! x2
Your butterfly disappears in a burst of colours!
A kobold breaks down the large door.
Found a grey potion and a plate armour.
Your butterfly disappears in a burst of colours!
You miss the kobold. The kobold hits you but does no damage.
You closely miss the kobold.
Your butterfly disappears in a burst of colours!
The kobold hits you with a +0 club.
* * * LOW HITPOINT WARNING * * *
The bat closely misses your butterfly. The kobold hits you but does no damage.
You swap places.
The bat hits you but does no damage. x2
The frilled lizard misses your butterfly.
The bat hits your butterfly.
Your butterfly dies!
Your butterfly disappears in a burst of colours!
The kobold completely misses your butterfly.
You hit the bat but do no damage.
You tail-slap the bat, but do no damage.
The bat closely misses you. The bat barely misses your butterfly.
The kobold hits your butterfly with a +0 whip.
Your butterfly dies!
Your butterfly disappears in a burst of colours!
You barely miss the bat.
Your tail-slap misses the bat.
The bat barely misses you.
The kobold barely misses your butterfly.
The frilled lizard barely misses your butterfly.
The kobold hits you with a +0 club.
* * * LOW HITPOINT WARNING * * *
You hit the endoplasm.
The endoplasm is lightly wounded.
The bat barely misses your butterfly. The kobold misses your butterfly.
The kobold closely misses you. The endoplasm freezes you.
You are frozen.
You die...

... ......
+.........'...._. ..##
#.###.##.........#......
..# #.# .##.........#
?.... ..# #.#
#.##.........# .... ..#
#..#####...### .g.
#.#####b.b# ..
#.....bb..# #
###...J#### #####b.@'#
......bKb######
......lK.......
...$....b......
...............
...$...........
...............
...............
...............


You could see an endoplasm, a bat, 2 kobolds and a frilled lizard.

Vanquished Creatures
  An endoplasm (D:1)
  A goblin (D:1)
  A frilled lizard (D:1)
3 creatures vanquished.

Notes
Turn   | Place    | Note
-------+----------+-------------------------------------------
     0 | D:1      | zdrol the Draconian Conjurer began the quest for the Orb.
     0 | D:1      | Reached XP level 1. HP: 14/14 MP: 3/3
    84 | D:1      | Found a faded altar of an unknown god.
   106 | D:1      | Frozen to death by an endoplasm

Illustrated notes

Levels and vault maps discovered:
D:1:      nicolae_arrival_memento_mori, layout_basic, basic_ecumenical_altar

Action                   || total
-------------------------++-------
Melee: Unarmed           ||     8
       Tailslap          ||     1
 Cast: Magic Dart        ||     4
  Use: Scroll            ||     1
Armor: Skin              ||     6
Dodge: Dodged            ||     9
